 Dungeon Crawl Stone Soup version 0.18-a0-1576-g2b87869 (webtiles) character file.

8335 Bluetones the Covert (level 11, -5/58 HPs)
             Began as a Spriggan Assassin on Mar 17, 2016.
             Was an Initiate of Gozag.
             Slain by a vampire mosquito (10 damage)
             ... on level 12 of the Dungeon.
             The game lasted 01:09:23 (12776 turns).

Bluetones the Covert (Spriggan Assassin)           Turns: 12776, Time: 01:09:23

Health: -5/58      AC:  4    Str: 10    XL:     11   Next: 8%
Magic:  12/12      EV: 27    Int: 13    God:    Gozag
Gold:   587        SH:  0    Dex: 18    Spells: 0 memorised, 10 levels left

rFire  . . .     SeeInvis +     b - +0 hunting sling
rCold  . . .     Gourm    .     F - +1 robe {MR+}
rNeg   . . .     Faith    .     (shield restricted)
rPois  .         Spirit   .     (helmet restricted)
rElec  .         Dismiss  .     d - +0 cloak
rCorr  .         Reflect  .     (gloves unavailable)
SustAt .         Harm     .     (boots unavailable)
MR     ++...                    (no amulet)
Stlth  ++++++....               (no ring)
                                (no ring)

@: gold aura, very quick, very resistant to hostile enchantments, very stealthy
A: unfitting armour, see invisible, herbivore 3, speed 3, slow metabolism 2
a: Potion Petition, Call Merchant, Bribe Branch, Renounce Religion


You were on level 12 of the Dungeon.
You worshipped Gozag.
Gozag was noncommittal.
You were not hungry.

You visited 3 branches of the dungeon, and saw 14 of its levels.
You also visited: Bailey.

You collected 1954 gold pieces.
You spent 546 gold pieces at shops.
You paid 821 gold pieces to Gozag.

Inventory:

Hand Weapons
 a - a +2 dagger
 b - a +0 hunting sling (weapon)
 A - a +0 blowgun
Missiles
 c - 19 sling bullets of flame
 e - 19 poisoned needles
 h - 86 stones (quivered)
 p - 40 arrows
 t - 8 poisoned arrows
 C - 59 sling bullets
 R - 2 curare-tipped needles
Armour
 d - a +0 cloak (worn)
 F - a +1 robe of magic resistance (worn)
Jewellery
 l - an uncursed ring of protection from cold
 r - an uncursed ring of protection from fire
 T - an uncursed ring of positive energy
Wands
 i - a wand of lightning (10/15)
 Z - a wand of flame (43/48)
Scrolls
 g - a scroll of immolation {unknown}
 j - 2 scrolls of fog {unknown}
 n - 5 scrolls of magic mapping {unknown}
 o - a scroll of enchant armour {unknown}
 q - 3 scrolls of random uselessness {unknown}
 v - a scroll of recharging {unknown}
 x - 2 scrolls of blinking {unknown}
 B - 3 scrolls of amnesia {unknown}
 D - 3 scrolls of fear
 L - a scroll of enchant weapon {unknown}
 M - 3 scrolls of teleportation
Potions
 k - 2 potions of haste
 m - 9 potions of curing
 s - a potion of flight {unknown}
 u - 2 potions of resistance
 E - a potion of brilliance {unknown}
 H - 3 potions of mutation {unknown}
 J - 2 potions of ambrosia {unknown}
 K - a potion of berserk rage {unknown}
 N - a potion of cure mutation {unknown}
 Q - 5 potions of magic {unknown}
 S - 2 potions of beneficial mutation {unknown}
 V - a potion of agility {unknown}
Comestibles
 w - 3 fruits


   Skills:
 + Level 6.6 Fighting
 + Level 8.2 Short Blades
 + Level 8.7(9.2) Slings
 - Level 3.8(6.0) Throwing
 + Level 11.0 Dodging
 + Level 13.0 Stealth


You had 10 spell levels left.
You didn't know any spells.

Dungeon Overview and Level Annotations

Branches:
Dungeon (12/15)            Temple (1/1) D:7            Lair (1/8) D:9
    Orc (0/2) D:11

Altars:
Ashenzari
Cheibriados
Dithmenos
Elyvilon
Fedhas
Gozag
Kikubaaqudgha
Makhleb
Nemelex Xobeh
Okawaru
Pakellas
Qazlal
Ru
Sif Muna
Trog
Vehumet
Xom
Yredelemnul
Zin
The Shining One

Shops:
D:5 [}   D:6 =   D:8 ?   Lair:1 (

Annotations:
D:6 IcyTea's ghost, novice DrCj


Innate Abilities, Weirdness & Mutations

You are tiny and cannot use many weapons and most armour.
You have supernaturally acute eyesight.
You are a herbivore.
You cover ground extremely quickly.
You need consume almost no food.


Message History

Aim: a vampire mosquito (severely damaged)
You shoot a stone.
The stone closely misses the vampire mosquito.
The vampire mosquito misses you. The vampire mosquito bites you.
* * * LOW HITPOINT WARNING * * *
The vampire mosquito draws strength from your injuries!
Firing (i - inventory. (,) - cycle):
h - 88 stones (quivered)
Press: ? - help, Shift-Dir - straight line, f/p - vampire mosquito
Aim: a vampire mosquito (severely damaged)
You shoot a stone.
The stone barely misses the vampire mosquito.
The vampire mosquito completely misses you.
Firing (i - inventory. (,) - cycle):
h - 87 stones (quivered)
Press: ? - help, Shift-Dir - straight line, f/p - vampire mosquito
Aim: a vampire mosquito (severely damaged)
You shoot a stone. The stone hits the vampire mosquito.
The vampire mosquito is almost destroyed.
The vampire mosquito bites you!
You die...
Your body crumbles into a pile of gold.

#.....##............#..#
#.....##............#...
#...................#...
#.......................
#.....##########+#######
#...#.#.................
#...#.#.................
#.....###.###..##...####
#(...$y@..###..##...####
#.##..###.+.........#...
#.##..#≈#.#.........#...
#.....###.#########'####
#.........# #.......<
#....###.## #........
#(##.# ..# #........
#(...# .## #........
#..... ##+#####'#


You could see a vampire mosquito.

Vanquished Creatures
  A hill giant (D:11)
  An orc knight (Bailey)
  A troll (D:11)
  Sigmund (D:4)
  A shadow (D:12)
  3 yaks (D:10)
  A wyvern (D:9)
  Eustachio (D:5)
  2 hippogriffs (D:12)
  A hungry ghost (D:7)
  2 vampire mosquitoes (D:12)
  2 sky beasts (D:9)
  5 orc warriors
  A phantom (D:9)
  An ice beast (D:5)
  7 ogres
  A necrophage (D:9)
  An eye of draining (D:8)
  7 centaurs
  A crocodile (Lair:1)
  7 big kobolds
  2 giant frogs
  Blork the orc (D:4)
  2 gnoll sergeants (D:11)
  A wyvern skeleton (D:10)
  3 scorpions
  8 killer bees
  3 howler monkeys
  5 crimson imps
  2 centaur zombies
  3 orc priests
  2 giant frog zombies
  3 hounds
  6 jellies
  Crazy Yiuf (D:3)
  3 centaur skeletons
  2 iguanas
  3 worker ants
  9 orc wizards
  A hound zombie (D:7)
  A worker ant zombie (D:7)
  19 gnolls
  5 river rats (Lair:1)
  5 adders
  4 shadow imps
  5 oozes (D:9)
  2 adder skeletons
  4 worms
  3 giant geckos
  47 orcs
  3 ball pythons
  4 giant cockroaches
  7 goblins
  14 hobgoblins
  5 jackals
  21 kobolds
  A quokka (D:10)
  A ball python skeleton (D:4)
  5 bats
  3 giant newts
  6 rats
273 creatures vanquished.

Notes
Turn   | Place    | Note
--------------------------------------------------------------
     0 | D:1      | Bluetones the Spriggan Assassin began the quest for the Orb.
     0 | D:1      | Reached XP level 1. HP: 10/10 MP: 2/2
   148 | D:1      | Reached skill level 6 in Stealth
   152 | D:1      | Reached XP level 2. HP: 8/14 MP: 3/3
   836 | D:2      | Found a burning altar of Makhleb.
   892 | D:2      | Reached XP level 3. HP: 18/18 MP: 4/4
  1081 | D:2      | Reached XP level 4. HP: 23/23 MP: 5/5
  1250 | D:2      | Found a snail-covered altar of Cheibriados.
  1511 | D:2      | Found a shimmering altar of Xom.
  1512 | D:2      | Found a burning altar of Makhleb.
  1581 | D:3      | Found an oddly glowing altar of Pakellas.
  1716 | D:3      | Found a sacrificial altar of Ru.
  1955 | D:3      | Found a basalt altar of Yredelemnul.
  1994 | D:3      | Noticed Crazy Yiuf
  2000 | D:3      | Killed Crazy Yiuf
  2000 | D:3      | Reached skill level 7 in Stealth
  2000 | D:3      | Reached XP level 5. HP: 20/26 MP: 6/6
  2282 | D:4      | Noticed Sigmund
  2292 | D:4      | Killed Sigmund
  2292 | D:4      | Reached skill level 1 in Slings
  2292 | D:4      | Reached XP level 6. HP: 32/32 MP: 7/7
  2336 | D:5      | Entered Level 5 of the Dungeon
  2506 | D:4      | Found a white marble altar of Elyvilon.
  2733 | D:4      | Noticed Blork the orc
  2761 | D:4      | Killed Blork the orc
  2761 | D:4      | Reached skill level 8 in Stealth
  2761 | D:4      | Reached XP level 7. HP: 33/36 MP: 8/8
  2846 | D:4      | Got a slimy spear
  3004 | D:5      | Reached skill level 5 in Dodging
  3113 | D:5      | Found a sparkling altar of Nemelex Xobeh.
  3117 | D:5      | Found a deep blue altar of Sif Muna.
  3121 | D:5      | Noticed a yak
  3121 | D:5      | Noticed a yak
  3121 | D:5      | Noticed a yak
  3167 | D:5      | Noticed Eustachio
  3191 | D:5      | Killed Eustachio
  3387 | D:5      | Found Negesh's Gadget Emporium.
  3397 | D:5      | Found Ceimo's Armour Emporium.
  3413 | D:5      | Found an iron altar of Okawaru.
  3413 | D:5      | Found a radiant altar of Vehumet.
  3493 | D:5      | Noticed a yak
  3495 | D:5      | Noticed a yak
  3658 | D:6      | Noticed IcyTea's ghost (novice DrCj)
  3908 | D:6      | Found Zapo's Jewellery Emporium.
  3936 | D:6      | Reached XP level 8. HP: 29/42 MP: 9/9
  4022 | D:7      | Found a staircase to the Ecumenical Temple.
  4027 | Temple   | Entered the Ecumenical Temple
  4086 | Temple   | Became a worshipper of Gozag Ym Sagoz the Greedy
  4309 | D:7      | Reached skill level 9 in Stealth
  4752 | D:8      | Reached skill level 5 in Short Blades
  5202 | D:8      | Found a flagged portal.
  5211 | Bailey   | Entered a bailey
  5426 | Bailey   | Reached skill level 5 in Slings
  5575 | Bailey   | Reached skill level 10 in Stealth
  5580 | Bailey   | Noticed an orc knight
  5635 | Bailey   | Killed an orc knight
  5635 | Bailey   | Reached XP level 9. HP: 41/46 MP: 10/10
  6349 | D:8      | Found Dies Jaduash's Magic Scroll Emporium.
  6354 | D:8      | Bought a scroll of identify for 26 gold pieces
  6354 | D:8      | Bought a scroll of identify for 26 gold pieces
  6354 | D:8      | Bought a scroll of identify for 26 gold pieces
  6357 | D:8      | Identified the +6 spear "Woesint" {venom, rN+ SInv} (You found it on level 4 of the Dungeon)
  6381 | D:8      | Bought a scroll of teleportation for 39 gold pieces
  6381 | D:8      | Bought a scroll of remove curse for 39 gold pieces
  6381 | D:8      | Bought a scroll of fear for 45 gold pieces
  6381 | D:8      | Bought a scroll of noise for 13 gold pieces
  6465 | D:10     | Entered Level 10 of the Dungeon
  6556 | D:9      | Found a staircase to the Lair.
  6928 | D:9      | Reached skill level 5 in Fighting
  7090 | D:9      | Found a stormy altar of Qazlal.
  7159 | D:9      | Reached skill level 11 in Stealth
  7334 | D:9      | Found a shadowy altar of Dithmenos.
  7335 | D:9      | Found a basalt altar of Yredelemnul.
  8464 | D:10     | Reached XP level 10. HP: 42/51 MP: 11/11
  8657 | D:11     | Got an ichor-stained cloak
  8962 | D:11     | Noticed a hill giant
  9278 | D:10     | Identified the cursed -1 cloak "Gareuf" {-Tele rN+ Str+6 Int-5} (You found it on level 11 of the Dungeon)
  9629 | Lair:1   | Entered Level 1 of the Lair of Beasts
  9772 | Lair:1   | Bought 19 sling bullets of flame for 296 gold pieces
  9772 | Lair:1   | Bought 28 stones for 36 gold pieces
 10083 | D:11     | Reached skill level 12 in Stealth
 10446 | D:11     | Killed a hill giant
 10446 | D:11     | Reached skill level 10 in Dodging
 10788 | D:11     | Found a staircase to the Orcish Mines.
 12362 | D:12     | Reached XP level 11. HP: 41/58 MP: 12/12
 12598 | D:12     | Reached skill level 13 in Stealth
 12776 | D:12     | Slain by a vampire mosquito

Vault maps used:
D:1:      lemuel_arrival_cross, minmay_surrounded
D:2:      amethyst_overflow_temple_binary, cheibriados_altar_1,
          minmay_misc_feat_iff, fountainhead, kennysheep_crisscross,
          makhleb_heckhound_becter
D:3:      grunt_pakellas_basics, nicolae_overflow_crystal_walls,
          yredelemnul_altar_generic, uniq_crazy_yiuf_cottage
D:4:      elyvilon_altar_5, uniq_blork_the_orc, uniq_sigmund
D:5:      grunt_temple_overflow_open, gammafunk_temple_overflow_statue,
          serial_shops, nicolae_shop_stone, shop, first_bread,
          nrook_pool_corridor, uniq_eustachio
D:6:      serial_shops, nicolae_shop_crystal
D:7:      temple_doors_e
D:8:      enter_bailey_2, serial_shops, kennysheep_little_box
D:9:      marbit_many_paths, nicolae_overflow_hidden_temple, lair_0_dummy,
          hangedman_little_slice_of_home
D:10:     corexii_leaking_fountain, minmay_item_behind_shaft
D:11:     kennysheep_orc_monster_closet_entryway, basic_altar
D:12:     minivault_11, feat_on_display
Temple:   temple_island_7
Lair:1:   serial_bayou_lagoon_a, worms_lemuel, grunt_megastairs_5,
          lemuel_fruit_tree
Bailey:   bailey_axe_2, bailey

Skill      XL: |  1  2  3  4  5  6  7  8  9 10 11 |
---------------+----------------------------------+-----
Dodging        | 2 3 4 6 7 9 10 11 | 11.0
Stealth        | 6 7 8 10 11 12 13 | 13.0
Fighting       | 2 3 4 5 6 |  6.6
Throwing       | 3 |  3.8
Short Blades   | 3 4 5 6 8 |  8.2
Slings         | 1 3 5 6 8 |  8.7

Action                   |  1- 3 |  4- 6 |  7- 9 | 10-12 || total
-------------------------+-------+-------+-------+-------++-------
Melee: Dagger            |    65 |   120 |   160 |   216 ||   561
 Fire: Blowgun           |     6 |    20 |    60 |    40 ||   126
       Hunting sling     |       |       |   599 |   692 ||  1291
Throw: Stone             |       |    10 |     1 |       ||    11
Invok: Call Merchant     |       |       |       |     1 ||     1
  Use: Scroll            |       |       |     9 |     5 ||    14
       Potion            |       |       |     1 |     2 ||     3
 Stab: Sleeping          |    13 |    17 |    19 |     8 ||    57
       Distracted        |       |     1 |     1 |       ||     2
  Eat: Bread ration      |       |       |     1 |       ||     1
       Pizza             |       |       |     1 |       ||     1
       Fruit             |       |       |       |     2 ||     2
       Royal jelly       |       |       |       |     1 ||     1
